 Dungeon Crawl Stone Soup version 0.21-a0-88-g13b9641 (webtiles) character file.

58 sagitran the Sneak (level 4, 0/33 HPs)
             Began as a Gnoll Wanderer on June 27, 2017.
             Succumbed to an adder's poison
             ... on level 2 of the Dungeon.
             The game lasted 00:10:03 (1202 turns).

sagitran the Sneak (Gnoll Wanderer)                 Turns: 1202, Time: 00:10:04

Health: 0/33       AC:  5    Str: 11    XL:     4   Next: 2%
Magic:  3/4        EV: 11    Int: 16    God:
Gold:   59         SH:  0    Dex: 10    Spells: 1/3 levels left

rFire    + . .     SeeInvis .   a - +2 short sword
rCold    + . .     Gourm    .   (no shield)
rNeg     . . .     Faith    .   d - +0 robe
rPois    +         Spirit   +   (no helmet)
rElec    +         Reflect  .   j - scarf {Spirit}
rCorr    +         Harm     .   l - +2 pair of gloves {archery}
MR       .....                  (no boots)
Stlth    +++.......             (no amulet)
HPRegen  0.11/turn              (no ring)
MPRegen  0.09/turn              (no ring)

@: lethally poisoned (0 -> -12), resistant, flying
A: short attention span, fangs 1, strong nose
a: no special abilities


You were on level 2 of the Dungeon.
You were hungry.

You visited 1 branch of the dungeon, and saw 2 of its levels.

You collected 59 gold pieces.

Inventory:

Hand Weapons
 a - a +2 short sword (weapon)
 o - a +0 mace
Missiles
 h - 130 stones (quivered)
Armour
 d - a +0 robe (worn)
 j - a scarf of spirit shield (worn)
 l - a +2 pair of gloves of archery (worn)
Scrolls
 c - a scroll of teleportation
 i - a scroll of recharging {unknown}
 n - a scroll of magic mapping {unknown}
 p - a scroll of identify {unknown}
Potions
 m - a potion of haste {unknown}
 q - a potion of lignification {unknown}
Books
 b - the Incunabulum of Transformation

   Spells                             Type                      Level
   a - Passwall                       Transmutation/Earth          2
   b - Sticks to Snakes               Transmutation                2
Comestibles
 f - 3 bread rations
 g - 2 fruits


   Skills:
 + Level 1.9 Fighting
 + Level 4.2 Short Blades
 + Level 0.4 Throwing
 + Level 0.4 Dodging
 + Level 7.1 Stealth
   Level 1.7 Necromancy
   Level 3.2 Translocations


You had one spell level left.
You knew the following spells:

 Your Spells              Type           Power        Failure   Level  Hunger
a - Sticks to Snakes      Tmut           #.......     36%         2    ###....


Dungeon Overview and Level Annotations

Branches:
Dungeon (2/15)

Altars:

Annotations:
D:2 Jessica


Innate Abilities, Weirdness & Mutations

You have a short attention span.
You have very sharp teeth.
Your uncanny sense of smell can sniff out nearby items.


Message History

The adder is severely wounded.
The adder bites you.
* * * LOW HITPOINT WARNING * * *
You are lethally poisoned!
The adder poisons you!
You barely miss the adder.
The adder is severely wounded.
* * * LOW HITPOINT WARNING * * *
You feel sick. The adder bites you.
* * * LOW HITPOINT WARNING * * *
You are more poisoned.
The adder poisons you!
It was a potion of flight.
You feel very buoyant.
You fly up into the air.
* * * LOW HITPOINT WARNING * * *
You feel sick. The adder bites you but does no damage.
It was a potion of resistance.
You feel protected.
You die...

#.# #...##........<###..w....#
..###...##.........##........#
..'.....##.........##.........
..#####.##.........##........#
#.# #.##...................#
#.# #.. .......w###.........
..# .#######.#.###.......##
#### ######.#........##.# ....
∆.......@.....#..# .# #
######S###......r. #..#.@
###### #. .........∆
#..#..#.......!. ...#..##.
...g........ ... )....
...........#.##. #.#.# ....
#.>##.#.##. ....
....##.......##w
.............##.#


You could see a worm (sleeping), an adder and a dart slug.

Vanquished Creatures
  2 adders (D:2)
  2 worms (D:2)
  2 dart slugs
  A leopard gecko (D:2)
  2 bats (D:1)
  4 giant cockroaches
  3 goblins (D:1)
  4 hobgoblins
  A quokka (D:2)
  A ball python (D:2)
  2 frilled lizards (D:1)
  2 kobolds (D:1)
  2 rats
28 creatures vanquished.

Notes
Turn   | Place    | Note
-------+----------+-------------------------------------------
     0 | D:1      | sagitran the Gnoll Wanderer began the quest for the Orb.
     0 | D:1      | sagitran set off with: a +2 short sword, the Incunabulum of Transformation, a scroll of teleportation, a +0 robe, a +0 dagger, a bread ration
     0 | D:1      | Reached XP level 1. HP: 16/16 MP: 1/1
     0 | D:1      | Identified the Incunabulum of Transformation
    25 | D:1      | Reached skill level 6 in Stealth
   250 | D:1      | Reached XP level 2. HP: 17/22 MP: 2/2
   898 | D:2      | Noticed Jessica
   988 | D:2      | Reached XP level 3. HP: 27/27 MP: 3/3
   992 | D:2      | Learned a level 2 spell: Sticks to Snakes
  1084 | D:2      | Reached skill level 7 in Stealth
  1148 | D:2      | Reached XP level 4. HP: 11/33 MP: 1/4
  1201 | D:2      | HP: 1/33 [poisoned by an adder]
  1202 | D:2      | Succumbed to an adder's poison

Vault maps used:
D:1:      dpeg_arrival_orchard, minmay_misc_feat_chi,
          minmay_misc_feat_secret_circle
D:2:      first_bread, uniq_jessica

Skill      XL: |  1  2  3 |
---------------+----------+-----
Stealth        | 6 7 |  7.1
Short Blades   | 4 |  4.2
Fighting       | |  1.9
Throwing       | |  0.4
Dodging        | |  0.4
Necromancy     | |  1.7
Translocations | |  3.2

Action                   |  1- 3 |  4- 6 || total
-------------------------+-------+-------++-------
Melee: Short sword       |    71 |    12 ||    83
       Bite              |     8 |       ||     8
Throw: Stone             |    11 |       ||    11
  Use: Potion            |       |     2 ||     2
 Stab: Sleeping          |     7 |       ||     7
Armor: Robe              |    14 |     4 ||    18
Dodge: Dodged            |    27 |     6 ||    33
